 Dungeon Crawl Stone Soup version 0.23.2-40-g277498a001 (webtiles) character file.

Game seed: 9528562940026550476

38777 scorp85 the Peltast (level 13, -1/115 HPs)
             Began as a Troll Fighter on Sept 15, 2019.
             Was a High Priest of Okawaru.
             Slain by a five-headed hydra (3 damage)
             ... while petrified by a basilisk
             ... on level 3 of the Lair of Beasts.
             The game lasted 02:00:12 (18631 turns).

scorp85 the Peltast (Troll Fighter)                Turns: 18631, Time: 02:00:13

Health: -1/115     AC: 10    Str: 30    XL:     13   Next: 65%
Magic:  12/12      EV:  1    Int:  7    God:    Okawaru [*****.]
Gold:   1610       SH:  0    Dex: 10    Spells: 12/12 levels left

rFire    . . .     SeeInvis .   K - +2 flail (protect)
rCold    . . .     Gourm    +   h - +0 large shield
rNeg     + + +     Faith    .   a - +0 troll leather armour
rPois    ∞         Spirit   .   o - +2 hat {Int+3}
rElec    .         Reflect  .   (no cloak)
rCorr    .         Harm     .   (gloves unavailable)
MR       .....                  (boots unavailable)
Stlth    +.........             E - amulet of rage
HPRegen  1.09/turn              k - ring of wizardry
MPRegen  0.13/turn              L - ring of flight

@: lethally poisoned (-1 -> -1), petrified
A: large, unfitting armour, claws 3, fast metabolism 3, gourmand, regeneration
1, shaggy fur 1, tough skin 3
a: Heroism, Finesse, Renounce Religion, Evoke Berserk Rage, Evoke Flight


You were on level 3 of the Lair of Beasts.
You worshipped Okawaru.
Okawaru was extremely pleased with you.
You were very full.

You visited 4 branches of the dungeon, and saw 18 of its levels.
You also visited: Ossuary.

You collected 1610 gold pieces.

Inventory:

Hand Weapons
 K - a +2 flail of protection (weapon)
Missiles
 G - 19 large rocks (quivered)
Armour
 a - a +0 troll leather armour (worn)
 b - a +0 shield
 h - a +0 large shield (worn)
 o - a +2 hat of intelligence (worn)
 I - a +1 robe of cold resistance
Jewellery
 k - a ring of wizardry (left claw)
 E - an amulet of rage (around neck)
 F - an uncursed ring of ice
 H - an uncursed ring of ice
 L - a ring of flight (right claw)
 M - an uncursed ring of ice
 P - an uncursed ring of wizardry
Wands
 q - a wand of flame (22)
 y - a wand of enslavement (7)
 D - a wand of digging (3)
 O - a wand of iceblast (8)
 Q - a wand of acid (5)
Scrolls
 e - 7 scrolls of teleportation
 g - a scroll of blinking
 i - 10 scrolls of remove curse
 l - 11 scrolls of identify
 m - 3 scrolls of amnesia
 p - 3 scrolls of random uselessness
 s - 2 scrolls of noise
 v - 2 scrolls of immolation
 B - 2 scrolls of magic mapping
 R - a scroll of acquirement {unknown}
Potions
 c - a potion of might
 f - 4 potions of brilliance
 j - a potion of ambrosia
 n - 11 potions of curing
 r - 8 potions of degeneration
 t - a potion of magic
 u - 3 potions of flight
 w - 7 potions of lignification
 x - 2 potions of mutation {unknown}
 z - 3 potions of cancellation {unknown}
 A - 2 potions of agility {unknown}
 C - 3 potions of haste {unknown}
 J - a potion of berserk rage {unknown}
Comestibles
 d - 36 rations


   Skills:
 - Level 4.3 Fighting
 - Level 4.0 Maces & Flails
 + Level 8.5 Dodging
 - Level 15.0 Shields
 * Level 10.5 Unarmed Combat


You had 12 spell levels left.
You didn't know any spells.
Your spell library contained the following spells:

 Spells                   Type           Power        Failure   Level  Hunger
 Beastly Appendage        Tmut           #.....       21%         1    ##.....
 Corona                   Hex            #......      21%         1    ##.....
 Freeze                   Ice            #...         21%         1    ##.....
 Ensorcelled Hibernation  Hex/Ice        #.....       30%         2    ###....
 Sticks to Snakes         Tmut           #.......     30%         2    ###....
 Throw Frost              Conj/Ice       #.....       30%         2    ###....
 Confuse                  Hex            #.......     50%         3    ####...
 Dazzling Spray           Conj/Hex       #.....       50%         3    ####...
 Ozocubu's Armour         Chrm/Ice       #.......     50%         3    ####...
 Spider Form              Tmut/Pois      #.........   50%         3    ####...
 Tukima's Dance           Hex            #.......     50%         3    ####...
 Cause Fear               Hex            #.........   87%         4    #####..
 Ice Form                 Ice/Tmut       #.......     87%         4    #####..
 Leda's Liquefaction      Hex/Erth       #.........   87%         4    #####..
 Summon Ice Beast         Ice/Summ       #.......     87%         4    #####..
 Throw Icicle             Conj/Ice       #.......     87%         4    #####..
 Blade Hands              Tmut           #.........   99%         5    ######.
 Bolt of Magma            Conj/Fire/Erth #.........   99%         5    ######.
 Silence                  Hex/Air        #.........   99%         5    ######.
 Yara's Violent Unravell  Hex/Tmut       #.........   99%         5    ######.
 Deflect Missiles         Chrm/Air       #.........   100%        6    #######
 Iron Shot                Conj/Erth      #.........   100%        6    #######
 Statue Form              Tmut/Erth      #........    100%        6    #######
 Discord                  Hex            #.........   100%        8    #######
 Shatter                  Erth           #.........   100%        9    #######


Dungeon Overview and Level Annotations

Branches:
Dungeon (11/15)            Temple (0/1) D:7            Lair (4/6) D:10
  Snake (0/4) Lair:3          Orc (2/2) D:10            Elf (1/3) Orc:2
  Swamp: Lair:2-4    Shoals: Lair:2-4

Altars:
Ashenzari
Cheibriados
Elyvilon
Gozag
Hepliaklqana
Kikubaaqudgha
Nemelex Xobeh
Okawaru
Trog
Uskayaw
Wu Jian
Xom
Yredelemnul
Beogh

Shops:
Orc:2 ?[!%

Annotations:
D:5 exclusion: 2 doors
Orc:2 3 runed translucent doors, exclusions: door, orange crystal statue, orc warrior and 3 more exclusions, CitizenNev's ghost, journeyman HOFi


Innate Abilities, Weirdness & Mutations

You are too large for most types of armour.
You have claws for hands.
Your metabolism is lightning-fast.
You like to eat raw meat.
Your natural rate of healing is unusually fast.
You are covered in fur. (AC +1)
You have extremely tough skin. (AC +3)


Message History

* * * LOW HITPOINT WARNING * * *
The five-headed hydra bites you but does no damage.
The five-headed hydra bites you.
* * * LOW HITPOINT WARNING * * *
The five-headed hydra bites you.
* * * LOW HITPOINT WARNING * * *
The black mamba bites you but does no damage.
The water moccasin bites you but does no damage.
The black mamba bites you!
* * * LOW HITPOINT WARNING * * *
The five-headed hydra bites you but does no damage. x4
The five-headed hydra bites you!
* * * LOW HITPOINT WARNING * * *
The water moccasin completely misses you.
The black mamba bites you.
* * * LOW HITPOINT WARNING * * *
The black mamba bites you!
* * * LOW HITPOINT WARNING * * *
The water moccasin bites you. The five-headed hydra bites you!
You die...

... ##.. #....(...... ..###.
..<..##... #........... ...#..
........P.###P..)....... ......
........##.#............ ......
.......#................ ....#.
................$......# ......
.....l................## .....#
.........S.........#..###
................@D.......###### #
...#.............S.......# ##
.....#[................### #.
.H#......................### ##
...........................######
.#...............................
#.....................P..........
#....................P....#.##.#.
.....#.##.##........#######


You could see a five-headed hydra, a black mamba, a basilisk and a water
moccasin.

Vanquished Creatures
  Gastronok (D:8)
  A stone giant (Orc:1)
  A hydra (D:10)
  Fannar (Lair:1)
  Erica (D:8)
  8 two-headed ogres
  2 ogre magi
  2 deep trolls
  An unseen horror (D:10)
  2 orc knights (Orc:2)
  4 orc sorcerers
  2 cyclopes
  Joseph (D:10)
  4 spiny frogs
  3 komodo dragons
  Prince Ribbit (Lair:2)
  8 trolls
  4 hippogriffs
  A hornet (D:7)
  10 blink frogs
  20 yaks
  2 wyverns (D:8)
  A wraith (D:8)
  2 hungry ghosts
  2 basilisks (Lair:2)
  2 wargs
  A two-headed ogre zombie (D:10)
  7 water moccasins
  3 porcupines (Lair:1)
  A hornet zombie (D:6)
  A necrophage (D:10)
  4 sky beasts
  23 orc warriors
  An eye of draining (D:10)
  4 phantoms
  32 ogres
  10 centaurs
  2 crocodiles
  4 big kobolds
  10 bullfrogs
  A water moccasin skeleton (D:10)
  5 scorpions
  A troll zombie (D:10)
  4 crimson imps
  2 quasits
  A bullfrog zombie (D:7)
  A centaur skeleton (D:6)
  2 centaur zombies (Ossuary)
  4 hounds
  3 bullfrog skeletons
  A human zombie (Ossuary)
  5 jellies
  17 orc priests
  17 orc wizards
  Terence (D:2)
  5 iguanas
  Natasha (thrice) (D:2)
  9 worker ants
  2 killer bee zombies
  6 ogre zombies (D:10)
  2 hound skeletons (D:6)
  3 mummies (Ossuary)
  5 gnolls
  A worker ant zombie (D:6)
  Robin (D:2)
  13 adders
  3 shadow imps
  An adder zombie (D:6)
  3 worms
  5 dart slugs
  7 leopard geckos
  84 orcs
  5 ball pythons
  7 bats
  5 giant cockroaches
  17 goblins
  11 hobgoblins
  7 jackals
  7 quokkas
  5 frilled lizards
  3 goblin skeletons (D:10)
  2 goblin zombies
  A hobgoblin skeleton (D:10)
  A hobgoblin zombie (Ossuary)
  A jackal skeleton (D:5)
  A jackal zombie (D:9)
  18 kobolds
  3 kobold zombies (Ossuary)
  A leopard gecko skeleton (D:4)
  An orc skeleton (D:10)
  19 orc zombies (D:10)
  A quokka skeleton (D:8)
  4 rats
  2 plants (D:10)
530 creatures vanquished.

Vanquished Creatures (others)
  A blink frog (Lair:2)
  An orc wizard (Orc:2)
  An orc (Orc:2)
  3 fungi
  12 plants
18 creatures vanquished.

Grand Total: 548 creatures vanquished

Notes
Turn   | Place    | Note
-------+----------+-------------------------------------------
     0 | D:1      | scorp85 the Troll Fighter began the quest for the Orb.
     0 | D:1      | Reached XP level 1. HP: 22/22 MP: 0/0
    84 | D:1      | Reached XP level 2. HP: 29/29 MP: 1/1
   127 | D:1      | Found a sparkling altar of Nemelex Xobeh.
   181 | D:2      | Noticed Terence
   374 | D:1      | Reached XP level 3. HP: 36/36 MP: 2/2
   841 | D:2      | Killed Terence
   845 | D:2      | Reached XP level 4. HP: 44/44 MP: 3/3
  1187 | D:2      | Noticed Robin
  1187 | D:2      | Noticed Natasha
  1257 | D:2      | Killed Natasha
  1257 | D:2      | Reached skill level 3 in Shields
  1257 | D:2      | Reached XP level 5. HP: 49/53 MP: 4/4
  1317 | D:2      | Killed Robin
  1398 | D:2      | Noticed Natasha
  1406 | D:2      | Killed Natasha
  1584 | D:2      | Noticed Natasha
  1589 | D:2      | Killed Natasha
  2178 | D:4      | Found a sand-covered staircase.
  2188 | Ossuary  | Entered an ossuary
  2246 | Ossuary  | Reached XP level 6. HP: 55/61 MP: 5/5
  2939 | D:3      | Reached skill level 5 in Unarmed Combat
  3149 | D:5      | Entered Level 5 of the Dungeon
  3465 | D:4      | Found a bloodstained altar of Trog.
  3473 | D:4      | Found a snail-covered altar of Cheibriados.
  3562 | D:4      | Reached XP level 7. HP: 67/67 MP: 6/6
  3929 | D:5      | Reached skill level 4 in Shields
  4154 | D:5      | Found an ancient bone altar of Kikubaaqudgha.
  4306 | D:5      | Found an ornate altar of the Wu Jian Council.
  4801 | D:5      | HP: 3/70 [electric eel/bolt of electricity (13)]
  5028 | D:6      | Found a hide-covered altar of Uskayaw.
  5091 | D:7      | Noticed a hungry ghost
  5104 | D:6      | Killed a hungry ghost
  5104 | D:6      | Reached XP level 8. HP: 78/78 MP: 7/7
  5200 | D:6      | Found an iron altar of Okawaru.
  5211 | D:6      | Became a worshipper of Warmaster Okawaru
  5236 | D:6      | Found an opulent altar of Gozag.
  5393 | D:6      | Found a shattered altar of Ashenzari.
  5418 | D:6      | Reached skill level 5 in Shields
  5753 | D:6      | Reached skill level 6 in Shields
  5807 | D:7      | Found a white marble altar of Elyvilon.
  5852 | D:7      | Found a staircase to the Ecumenical Temple.
  5866 | D:7      | Noticed a hornet
  5872 | D:7      | Paralysed by a hornet for 1 turns
  5876 | D:7      | Killed a hornet
  5876 | D:7      | Reached * piety under Okawaru
  5876 | D:7      | Reached skill level 7 in Shields
  5904 | D:7      | Reached XP level 9. HP: 62/85 MP: 8/8
  6074 | D:7      | Found a basalt altar of Yredelemnul.
  6218 | D:7      | Reached skill level 8 in Shields
  6221 | D:7      | Found a hazy altar of Hepliaklqana.
  6417 | D:7      | Found a sparkling altar of Nemelex Xobeh.
  6576 | D:8      | Noticed Erica
  6593 | D:8      | Noticed Gastronok
  6826 | D:8      | Reached ** piety under Okawaru
  6826 | D:8      | Reached skill level 9 in Shields
  6842 | D:8      | Killed Gastronok
  6842 | D:8      | Reached *** piety under Okawaru
  6842 | D:8      | Reached **** piety under Okawaru
  6842 | D:8      | Reached skill level 10 in Shields
  6842 | D:8      | Reached XP level 10. HP: 55/94 MP: 9/9
  6893 | D:8      | Killed Erica
  6893 | D:8      | Reached skill level 11 in Shields
  7404 | D:8      | Found a hazy altar of Hepliaklqana.
  7482 | D:8      | You fall through a shaft for 2 floors!
  7482 | D:10     | Entered Level 10 of the Dungeon
  7671 | D:9      | Found a shimmering altar of Xom.
  7740 | D:9      | Reached ***** piety under Okawaru
  8518 | D:9      | Found a roughly hewn altar of Beogh.
  8535 | D:9      | Reached skill level 12 in Shields
  8970 | D:10     | Reached XP level 11. HP: 101/101 MP: 10/10
  9073 | D:10     | Noticed Joseph
  9074 | D:10     | Found a staircase to the Orcish Mines.
  9097 | D:10     | Killed Joseph
  9634 | D:10     | Killed an unseen horror
  9634 | D:10     | Reached skill level 13 in Shields
  9850 | D:10     | Found a staircase to the Lair.
  9904 | Orc:1    | Entered Level 1 of the Orcish Mines
 10527 | Orc:2    | Entered Level 2 of the Orcish Mines
 10552 | Orc:2    | Found a staircase to the Elven Halls.
 10749 | Orc:1    | Noticed an orc sorcerer
 10751 | Orc:1    | Paralysed by an orc sorcerer for 6 turns
 10769 | Orc:1    | Killed an orc sorcerer
 10916 | Orc:1    | Noticed an orc sorcerer
 10927 | Orc:1    | Killed an orc sorcerer
 10927 | Orc:1    | Received a gift from Okawaru
 10957 | Orc:1    | Noticed an orc sorcerer
 10978 | Orc:1    | Killed an orc sorcerer
 11105 | Orc:2    | Noticed an orc knight
 11105 | Orc:2    | Noticed an orc sorcerer
 11326 | Orc:2    | Noticed a stone giant
 11365 | Orc:1    | Killed a stone giant
 11365 | Orc:1    | Reached skill level 14 in Shields
 11564 | Orc:2    | Noticed a two-headed ogre
 11564 | Orc:2    | Noticed a two-headed ogre
 11576 | Orc:1    | Killed a two-headed ogre
 11576 | Orc:1    | Received a gift from Okawaru
 11584 | Orc:1    | Killed a two-headed ogre
 11584 | Orc:1    | Reached ****** piety under Okawaru
 11584 | Orc:1    | Reached XP level 12. HP: 37/109 MP: 9/11
 11754 | Orc:2    | Noticed a two-headed ogre
 11765 | Orc:2    | Noticed a two-headed ogre
 11768 | Orc:2    | Noticed a two-headed ogre
 11777 | Orc:1    | Killed a two-headed ogre
 11807 | Orc:2    | Killed a two-headed ogre
 11812 | Orc:1    | Killed a two-headed ogre
 11820 | Orc:1    | Reached skill level 15 in Shields
 11873 | Orc:2    | Noticed a two-headed ogre
 11873 | Orc:2    | Noticed an ogre mage
 11981 | Orc:2    | Noticed a two-headed ogre
 11989 | Orc:1    | Killed a two-headed ogre
 12127 | Orc:2    | Noticed a two-headed ogre
 12371 | Orc:1    | Reached skill level 5 in Dodging
 12613 | Orc:1    | Killed a two-headed ogre
 12785 | D:10     | Killed a two-headed ogre
 12812 | D:10     | Killed an ogre mage
 13571 | Orc:2    | Received a gift from Okawaru
 13875 | Orc:2    | Noticed an ogre mage
 13902 | Orc:1    | Killed an ogre mage
 13902 | Orc:1    | Reached XP level 13. HP: 88/115 MP: 12/12
 14091 | Orc:2    | Found Digaclibali's Food Shoppe.
 14095 | Orc:2    | Found Oxistug's Distillery.
 14097 | Orc:2    | Found Dade's Armour Shop.
 14110 | Orc:2    | Found Paymox's Magic Scroll Shoppe.
 14116 | Orc:2    | Found a runed translucent door.
 14117 | Orc:2    | Noticed CitizenNev's ghost (journeyman HOFi)
 14168 | Orc:2    | Found a roughly hewn altar of Beogh.
 14306 | Orc:2    | Found a runed translucent door.
 14329 | Orc:2    | Found the +10 large shield of Ignorance {rN+ Int-4}
 14338 | Orc:2    | Found a runed translucent door.
 14534 | Elf:1    | Entered Level 1 of the Elven Halls
 14680 | Lair:1   | Entered Level 1 of the Lair of Beasts
 14863 | Lair:1   | Received a gift from Okawaru
 15166 | Lair:1   | Found a shimmering altar of Xom.
 15943 | Lair:1   | Reached skill level 1 in Maces & Flails
 16127 | Lair:1   | Noticed Fannar
 16209 | Lair:1   | Killed Fannar
 16691 | Lair:2   | Noticed Prince Ribbit
 16707 | Lair:2   | Killed Prince Ribbit
 17117 | Lair:2   | Found a hide-covered altar of Uskayaw.
 17293 | Lair:2   | Reached skill level 10 in Unarmed Combat
 17313 | Lair:2   | Received a gift from Okawaru
 18460 | Lair:3   | Found a staircase to the Snake Pit.
 18631 | Lair:3   | HP: 2/115 [black mamba (4)]
 18631 | Lair:3   | Slain by a five-headed hydra

Skill      XL: |  1  2  3  4  5  6  7  8  9 10 11 12 13 |
---------------+----------------------------------------+-----
Unarmed Combat | 3 4 5 6 9 10 | 10.5
Fighting       | 3 4 |  4.3
Dodging        | 3 4 6 8 |  8.5
Shields        | 3 4 7 10 12 14 15 | 15.0
Maces & Flails | 4 |  4.0

Action                   |  1- 3 |  4- 6 |  7- 9 | 10-12 | 13-15 || total
-------------------------+-------+-------+-------+-------+-------++-------
Melee: Unarmed           |    78 |   274 |   349 |   963 |   369 ||  2033
       Flail             |       |       |       |       |   137 ||   137
       Giant spiked club |       |       |       |       |    43 ||    43
Throw: Large rock        |       |       |       |       |     6 ||     6
Invok: Heroism           |       |       |       |    14 |     4 ||    18
       Finesse           |       |       |       |     2 |     2 ||     4
 Abil: Evoke Berserk Rag |       |       |     2 |     2 |       ||     4
Evoke: Wand              |       |       |       |       |     3 ||     3
  Use: Scroll            |       |       |       |    15 |     8 ||    23
       Potion            |       |       |       |     1 |       ||     1
  Eat: Chunk             |    11 |    27 |    37 |    70 |    44 ||   189
Armor: Robe              |    20 |    81 |    53 |    99 |       ||   253
       Troll leather arm |       |       |       |    67 |   161 ||   228
Dodge: Dodged            |    24 |    35 |    67 |   264 |   263 ||   653
Block: Shield            |    12 |       |       |       |       ||    12
       Large shield      |    36 |   183 |   284 |  1036 |   656 ||  2195
